 Dungeon Crawl Stone Soup version bcrawl-1.21.3 (webtiles) character file.

Game seed: 12431256409749692711

5590 Flugslaktarn the Severer (level 10, -3/59 HPs)
             Began as a Skeleton Archaeologist on Mar 30, 2020.
             Was an Initiate of Gozag.
             Slain by an orc warrior
             ... wielding a +0 glaive
              (12 damage)
             ... on level 8 of the Dungeon.
             The game lasted 00:05:57 (10997 turns).

Flugslaktarn the Severer (Skeleton Archaeologist)  Turns: 10997, Time: 00:05:57

Health: -3/59      AC: 14    Str: 24 (26) XL:     10   Next: 45%
Magic:  0/10       EV: 10    Int: 11 (12) God:    Gozag
Gold:   1369       SH:  0    Dex: 13      Spells: 9/9 levels left

rFire    . . .     SeeInvis .   a - +1 battleaxe "Batunuc" {chop, Str+4 Dex+3}
rCold    + . .     Gourm    .   (shield currently unavailable)
rNeg     + + +     Faith    .   w - +0 plate armour
rPois    ∞         Spirit   +   q - +1 helmet
rElec    +         Reflect  .   (no cloak)
rCorr    .         Harm     .   (no gloves)
MR       +....                  d - +1 pair of boots
Stlth    ..........             (no amulet)
HPRegen  0.19/turn              g - ring of insulation
MPRegen  0.12/turn              p - +3 ring of dexterity

@: no status effects
A: no food or potions, cold resistance 1, deterioration 1, negative energy
resistance 3, powered by death 1, torment resistance, unbreathing, magic shield,
sturdy frame 2, spell healing
a: Potion Petition, Call Merchant, Bribe Branch, Renounce Religion


You were on level 8 of the Dungeon.
You worshipped Gozag.
Gozag was most pleased with you.
You were not hungry.

You visited 1 branch of the dungeon, and saw 9 of its levels.
You also visited: Ossuary.

You collected 1464 gold pieces.
You paid 95 gold pieces to Gozag.

Inventory:

Hand Weapons
 a - the +1 battleaxe "Batunuc" (weapon) {chop, Str+4 Dex+3}
   (You acquired it on level 4 of the Dungeon)

   It inflicts extra damage upon your enemies.
   It affects your strength (+4).
   It affects your dexterity (+3).
 j - a +2 trident of venom
   (You took it off an orc on level 3 of the Dungeon)
 v - a +0 war axe
   (You took it off an orc warrior on level 4 of the Dungeon)
Armour
 b - a +1 robe
 c - a +1 hat
 d - a +1 pair of boots (worn)
 n - a +0 ring mail
   (You found it on level 2 of the Dungeon)
 o - a +0 buckler
   (You found it on level 2 of the Dungeon)
 q - a +1 helmet (worn)
   (You took it off Robin on level 2 of the Dungeon)
 u - a +0 chain mail
   (You found it on level 3 of the Dungeon)
 w - a +0 plate armour (worn)
   (You took it off an orc warrior on level 4 of the Dungeon)
Jewellery
 g - a ring of insulation (left hand)
   (You found it on level 1 of the Dungeon)
 h - an uncursed ring of fire
   (You found it on level 1 of the Dungeon)
 p - a +3 ring of dexterity (right hand)
   (You found it on level 2 of the Dungeon)
Scrolls
 e - 2 scrolls of magic mapping
 f - 3 scrolls of brand weapon {unknown}
 i - a scroll of enchant armour
 k - 3 scrolls of amnesia
 l - a scroll of fear
 m - a scroll of immolation {unknown}
 r - 2 scrolls of identify
 t - 3 scrolls of teleportation
 x - 5 scrolls of remove curse
 z - 3 scrolls of blinking


   Skills:
 + Level 5.2 Fighting
 + Level 16.2(16.3) Axes
   Level 1.2(11.0) Maces & Flails
 + Level 1.4 Armour
 - Level 3.0 Dodging
 - Level 3.6 Stealth


You had 9 spell levels left.
You didn't know any spells.
Your spell library was empty.

Dungeon Overview and Level Annotations

Branches:
Dungeon (9/12)             Temple (0/1) D:6            Lair (0/6) D:7
    Orc: D:8-11

Altars:
Cheibriados
Gozag
Makhleb
Ru
Sif Muna
Trog
Yredelemnul
The Shining One

Shops:
D:7 [


Innate Abilities, Weirdness & Mutations

You do not eat or drink.
You are immune to poison.
Your flesh is cold resistant. (rC+)
Your body sometimes deteriorates upon taking damage.
You are immune to negative energy. (rN+++)
You regenerate a little health from kills.
You are immune to unholy pain and torment.
You can survive without breathing.
When hurt, damage is shared between your health and your magic reserves.
Your movements are less encumbered by armour. (ER -4)
Casting spells heals you.


Message History

The orc warrior is moderately wounded.
The orc warrior hits you with a +0 glaive!
* * * LOW HITPOINT WARNING * * *
Your body deteriorates!
You feel weakened.
You are too injured to fight recklessly!
You are too injured to fight recklessly!
You are too injured to fight recklessly!
You are too injured to fight recklessly!
You are too injured to fight recklessly!
You are too injured to fight recklessly!
You closely miss the orc warrior.
The orc warrior is moderately wounded.
You barely miss the orc warrior.
The orc warrior is moderately wounded.
The orc warrior closely misses you.
You barely miss the orc warrior.
The orc warrior is moderately wounded.
The orc warrior hits you with a +0 glaive!
You die...
Your body crumbles into a pile of gold.

###########
#####.........#######
...............o@>..#
#####.........#.#####
#..!......#.#
###########.#####
........#.....#
........#####.#
...)......o...#
######.#####.# #.#
###


You could see an orc warrior.

Vanquished Creatures
  A troll (D:7)
  Grinder (D:4)
  Prince Ribbit (D:6)
  3 hippogriffs
  Eustachio (D:3)
  4 hogs (D:7)
  A human (D:7)
  Menkaure (D:6)
  A water moccasin (D:8)
  A sky beast (D:7)
  5 orc warriors
  2 ice beasts
  A necrophage (D:9)
  A phantom (D:6)
  3 ogres
  2 centaurs
  2 elf zombies (Ossuary)
  Blork the orc (D:5)
  3 bullfrogs
  A scorpion (D:7)
  A howler monkey (D:5)
  5 jellies
  6 crimson imps
  A bullfrog zombie (D:6)
  A centaur zombie (Ossuary)
  3 hounds
  An iron imp (D:4)
  6 orc priests
  A human zombie (Ossuary)
  A bullfrog skeleton (D:5)
  2 iguanas
  6 orc wizards
  6 worker ants
  2 big kobold zombies (Ossuary)
  A hound skeleton (D:4)
  A hound zombie (D:5)
  3 mummies
  Robin (D:2)
  3 gnolls (D:7)
  A worker ant zombie (D:6)
  9 adders
  A shadow imp (D:5)
  2 oozes
  An adder zombie (D:7)
  An adder skeleton (D:6)
  6 worms
  7 dart slugs
  6 leopard geckos
  22 orcs
  A ball python (D:4)
  5 bats
  4 giant cockroaches
  16 goblins
  12 hobgoblins
  12 jackals
  A quokka (D:1)
  3 frilled lizards
  A goblin zombie (Ossuary)
  7 hobgoblin zombies (Ossuary)
  3 jackal zombies
  7 kobolds
  15 kobold zombies
  A leopard gecko skeleton (D:4)
  6 orc zombies (Ossuary)
  14 rats
  2 rat zombies (Ossuary)
253 creatures vanquished.

Notes
Turn   | Place    | Note
-------+----------+-------------------------------------------
     0 | D:1      | Flugslaktarn the Skeleton Archaeologist began the quest for
                  | the Orb.
     0 | D:1      | Reached XP level 1. HP: 12/12 MP: 1/1
   136 | D:1      | Reached XP level 2. HP: 17/17 MP: 2/2
  1504 | D:1      | Reached XP level 3. HP: 23/23 MP: 3/3
  2992 | D:2      | Reached XP level 4. HP: 15/29 MP: 4/4
  3270 | D:2      | Noticed Robin
  3329 | D:2      | Killed Robin
  4664 | D:3      | Reached XP level 5. HP: 34/34 MP: 5/5
  4664 | D:3      | Identified a scroll of acquirement
  4920 | D:3      | Found a burning altar of Makhleb.
  4920 | D:3      | Noticed a green death
  4923 | D:3      | Noticed a neqoxec
  4923 | D:3      | Noticed an orange demon
  4957 | D:3      | Reached skill level 1 in Axes
  5125 | D:3      | Reached skill level 2 in Axes
  5674 | D:4      | Reached skill level 3 in Axes
  5685 | D:4      | Noticed Eustachio
  5748 | D:4      | Noticed a hippogriff
  5761 | D:3      | Killed Eustachio
  5761 | D:3      | Reached skill level 5 in Axes
  5761 | D:3      | Gained mutation: You regenerate a little health from kills.
                  | [Skeleton growth]
  5761 | D:3      | Reached XP level 6. HP: 29/40 MP: 4/6
  5847 | D:4      | Killed a hippogriff
  5847 | D:4      | Reached skill level 6 in Axes
  5847 | D:4      | Reached XP level 7. HP: 30/44 MP: 3/7
  5955 | D:4      | Reached skill level 7 in Axes
  6194 | D:4      | Found a snail-covered altar of Cheibriados.
  6310 | D:4      | Reached skill level 8 in Axes
  6789 | D:4      | Reached skill level 9 in Axes
  6864 | D:4      | Noticed Grinder
  6879 | D:4      | Killed Grinder
  6879 | D:4      | Reached skill level 10 in Axes
  6879 | D:4      | Reached XP level 8. HP: 48/48 MP: 8/8
  7140 | D:4      | Found an opulent altar of Gozag.
  7143 | D:4      | Found a shimmering blue altar of Sif Muna.
  7146 | D:4      | Found a basalt altar of Yredelemnul.
  7149 | D:4      | Found a bloodstained altar of Trog.
  7155 | D:4      | Became a worshipper of Gozag Ym Sagoz the Greedy
  7156 | D:4      | Identified the +1 battleaxe "Batunuc" {chop, Str+4 Dex+3}
                  | (You acquired it on level 4 of the Dungeon)
  7156 | D:4      | Identified the amulet "Jammaret" {Regen+ Stlth+} (You
                  | acquired it on level 4 of the Dungeon)
  7621 | D:5      | Entered Level 5 of the Dungeon
  7771 | D:5      | Reached skill level 11 in Axes
  8301 | D:5      | Found a sacrificial altar of Ru.
  8522 | D:5      | Noticed Blork the orc
  8530 | D:5      | Killed Blork the orc
  8530 | D:5      | Reached skill level 12 in Axes
  8695 | D:6      | Reached XP level 9. HP: 35/53 MP: 6/9
  8937 | D:6      | Noticed Prince Ribbit
  8948 | D:6      | Killed Prince Ribbit
  8948 | D:6      | Reached skill level 13 in Axes
  8961 | D:6      | Found a sand-covered staircase.
  8967 | Ossuary  | Entered an ossuary
  9388 | D:6      | Found a staircase to the Ecumenical Temple.
  9389 | D:6      | Noticed Menkaure
  9391 | D:6      | Killed Menkaure
  9664 | D:7      | Reached skill level 14 in Axes
  9784 | D:7      | Found Cinley's Antique Armour Emporium.
  9790 | D:7      | Noticed a troll
  9795 | D:7      | Killed a troll
  9862 | D:7      | Reached skill level 15 in Axes
  9964 | D:7      | Gained mutation: Your movements are less encumbered by
                  | armour. (ER -4) [Skeleton growth]
  9964 | D:7      | Reached XP level 10. HP: 53/58 MP: 8/10
 10107 | D:7      | Found a staircase to the Lair.
 10160 | D:7      | Found a glowing golden altar of the Shining One.
 10303 | D:7      | Reached skill level 16 in Axes
 10657 | D:8      | Reached skill level 5 in Fighting
 10722 | D:8      | Reached skill level 1 in Armour
 10997 | D:8      | Slain by an orc warrior

Skill      XL: |  1  2  3  4  5  6  7  8  9 10 |
---------------+-------------------------------+-----
Fighting       | 2 3 4 5 |  5.2
Axes           | 5 6 10 12 15 16 | 16.2
Armour         | 1 |  1.4
Maces & Flails | |  1.2
Dodging        | |  3.0
Stealth        | |  3.6

Action                   |  1- 3 |  4- 6 |  7- 9 | 10-12 || total
-------------------------+-------+-------+-------+-------++-------
Melee: Whip              |   256 |   139 |       |       ||   395
       Hand axe          |       |   160 |       |       ||   160
       Trident           |       |    53 |    97 |       ||   150
       Battleaxe         |       |       |   287 |    87 ||   374
  Use: Scroll            |       |       |     7 |       ||     7
 Stab: Sleeping          |    11 |     3 |       |       ||    14
       Distracted        |       |       |     1 |       ||     1
Armor: Robe              |    84 |       |       |       ||    84
       Ring mail         |       |   132 |       |       ||   132
       Chain mail        |       |    57 |    39 |       ||    96
       Plate armour      |       |       |   135 |    51 ||   186
Dodge: Dodged            |   167 |   209 |   131 |    37 ||   544
Block: Buckler           |     1 |    35 |     9 |       ||    45
